 Dungeon Crawl Stone Soup version 0.29-a0-284-gf9362112df (webtiles) character file.

Game seed: 17028736842025177486

281147 freelancePsychic the Warrior (level 19, -3/209 HPs)
             Began as a Demonspawn Transmuter on Mar 22, 2022.
             Was a High Priest of Okawaru.
             Killed from afar by a deep elf sorcerer (47 damage)
             ... with a bolt of acid
             ... on level 1 of the Vaults.
             The game lasted 01:45:41 (38731 turns).

freelancePsychic the Warrior (DsTm)                Turns: 38731, Time: 01:45:42

Health: -3/209     AC: 29    Str: 18    XL:     19   Next: 70%
Magic:  32/32      EV: 17    Int: 21    God:    Okawaru [*****.]
Gold:   361        SH: 17    Dex: 15    Spells: 26/37 levels left

rFire   + . .      SeeInvis .     - Unarmed
rCold   + . .      Faith    .   m - +5 kite shield {AC+3}
rNeg    + . .      Spirit   .   (body armour currently unavailable)
rPois   ∞          Reflect  .   X - +2 hat "Dutyd" {Int+7}
rElec   +          Harm     .   Z - scarf {rC+ rF+}
rCorr   .          Rampage  .   (gloves unavailable)
Will    ++...                   (boots currently unavailable)
Stlth   +.........              G - amulet of regeneration
HPRegen 1.24/turn               s - ring of flight
MPRegen 0.46/turn               T - ring of wizardry

@: statue-form, corroded, flying, studying 2 skills, repel missiles, very slow
A: slow and powerful, torment resistance 1, boosted hp, claws 3, repulsion field
3, spiny 2, magic regeneration, bedeviling, deformed body, strong-willed 1
}: 2/15 runes: barnacled, gossamer
a: End Transformation, Renounce Religion, Heroism, Finesse, Duel


You were on level 1 of the Vaults.
You worshipped Okawaru.
Okawaru was extremely pleased with you.
You were a living statue of rough stone.
You visited 7 branches of the dungeon, and saw 34 of its levels.
You visited the Abyss 1 time.
You also visited: Sewer, Bailey, Gauntlet and Ice Cave.

You collected 3188 gold pieces.
You spent 2827 gold pieces at shops.

Inventory:

Missiles
 R - 4 throwing nets
Armour
 h - a +0 tower shield
 k - the +4 ring mail "Joadot" {Str-2 Int+6}
   (You found it in a Gauntlet)

   Str:       It affects your strength (-2).
   Int:       It affects your intelligence (+6).
 m - a +5 kite shield of protection (worn)
 x - the +4 hat "Cuasin" {rF+}
   (Okawaru gifted it to you on level 4 of the Spider Nest)

   rF:        It protects you from fire.
 I - the +7 gold dragon scales of the Farrier {rPois rF+ rC+ rN+}
   (You bought it in a shop on level 2 of the Orcish Mines)

   rF:        It protects you from fire.
   rC:        It protects you from cold.
   rPois:     It protects you from poison.
   rN:        It protects you from negative energy.
 N - a +2 robe of the Archmagi (melded)
 V - the +0 pair of boots of Uckolly (melded) {Str+4 SInv}
   (You acquired it in a Gauntlet)

   Str:       It affects your strength (+4).
   SInv:      It lets you see invisible.
 X - the +2 hat "Dutyd" (worn) {Int+7}
   (Okawaru gifted it to you on level 12 of the Dungeon)

   Int:       It affects your intelligence (+7).
 Z - a scarf of resistance (worn)
Jewellery
 f - a ring of willpower
 l - a ring of protection from fire
 s - a ring of flight (left claw)
 A - a ring of resist corrosion
 E - a ring of ice
 F - a ring of see invisible
 G - an amulet of regeneration (around neck)
 H - a ring of poison resistance
 O - a +6 ring of strength
 T - a ring of wizardry (right claw)
 Y - an amulet of magic regeneration
Wands
 g - a wand of iceblast (10)
 o - a wand of mindburst (3)
 u - a wand of paralysis (36)
 L - a wand of acid (11)
 S - a wand of digging (22)
Scrolls
 e - 8 scrolls of teleportation {@r4}
 j - 9 scrolls of blinking
 p - 6 scrolls of vulnerability
 v - 2 scrolls of silence
 B - 2 scrolls of fear
 J - 2 scrolls of enchant armour
 K - 2 scrolls of fog
 M - 5 scrolls of amnesia
 P - 9 scrolls of identify {@r1}
 Q - a scroll of magic mapping
Potions
 b - 2 potions of lignification
 c - 6 potions of haste {@q3}
 d - 10 potions of heal wounds {@q2}
 i - 10 potions of attraction
 n - 4 potions of mutation
 q - 6 potions of might
 t - 2 potions of invisibility
 w - 2 potions of magic
 C - 6 potions of brilliance
 D - 14 potions of curing {@q1}
 U - 2 potions of resistance
 W - 5 potions of ambrosia
Miscellaneous
 a - a lightning rod (4/4)
 r - a tin of tremorstones (2/2)
 y - a phial of floods


   Skills:
 - Level 17.4 Fighting
 - Level 10.5 Armour
 - Level 6.2 Dodging
 + Level 11.1 Shields
 - Level 16.1 Unarmed Combat
 + Level 9.5 Spellcasting
 - Level 2.5 Translocations
 + Level 11.7 Transmutations
 + Level 10.9 Earth Magic
 - Level 1.5 Poison Magic
 - Level 7.0 Invocations
 - Level 8.0 Evocations


You had 26 spell levels left.
You knew the following spells:

 Your Spells              Type           Power      Damage    Failure   Level
a - Statue Form           Tmut/Erth      36%        N/A       9%          6
b - Wereblood             Tmut           56%        N/A       1%          2
c - Spider Form           Tmut/Pois      38%        N/A       1%          3

Your spell library contained the following spells:

 Spells                   Type           Power      Damage    Failure   Level
 Beastly Appendage        Tmut           100%       N/A       1%          1
 Sandblast                Erth           100%       2d20      1%          1
 Passwall                 Tmut/Erth      45%        N/A       1%          2
 Stone Arrow              Conj/Erth      64%        3d11      1%          3
 Apportation              Tloc           40%        N/A       2%          1
 Ignite Poison            Fire/Tmut/Pois 28%        N/A       2%          3
 Blink                    Tloc           40%        N/A       3%          2
 Ice Form                 Ice/Tmut       34%        N/A       5%          4
 Freeze                   Ice            36%        1d6       6%          1
 Magic Dart               Conj           36%        1d4       6%          1
 Gell's Gravitas          Tloc           20%        N/A       6%          3
 Lesser Beckoning         Tloc           20%        N/A       6%          3
 Teleport Other           Tloc           20%        N/A       6%          3
 Scorch                   Fire           18%        2d5       9%          2
 Searing Ray              Conj           18%        2d5       9%          2
 Irradiate                Conj/Tmut      17%        3d19      14%         5
 Dazzling Flash           Conj/Hex       28%        N/A       17%         3
 Frozen Ramparts          Ice            18%        1d3       17%         3
 Ozocubu's Armour         Ice            9%         N/A       17%         3
 Flame Wave               Conj/Fire      9%         2d5       47%         4
 Fulminant Prism          Conj/Hex       7%         3d7       47%         4
 Hailstorm                Conj/Ice       9%         3d4       47%         4
 Sticky Flame             Conj/Fire      9%         2d3       47%         4
 Manifold Assault         Tloc           20%        N/A       47%         5
 Agony                    Necr           9%         N/A       82%         5
 Metabolic Englaciation   Hex/Ice        7%         N/A       82%         5
 Silence                  Hex/Air        7%         N/A       82%         5
 Storm Form               Tmut/Air       17%        N/A       98%         7
 Orb of Destruction       Conj           4%         9d5       100%        7
 Maxwell's Capacitive Co  Air            4%         ∞         100%        8
 Chain Lightning          Conj/Air       4%         3d6       100%        9
 Fire Storm               Conj/Fire      4%         8d1       100%        9
 Shatter                  Erth           27%        3d23*     100%        9
 Animate Skeleton         Necr           Unusable   N/A       N/A         1
 Summon Small Mammal      Summ           Unusable   N/A       N/A         1
 Summon Guardian Golem    Hex/Summ       Unusable   N/A       N/A         3
 Summon Lightning Spire   Summ/Air       Unusable   N/A       N/A         4
 Simulacrum               Ice/Necr       Unusable   N/A       N/A         6
 Summon Cactus Giant      Summ           Unusable   N/A       N/A         6
 Spellforged Servitor     Conj/Summ      Unusable   N/A       N/A         7

Dungeon Overview and Level Annotations

Branches:
Dungeon (15/15)            Temple (0/1) D:5            Lair (6/6) D:11
 Shoals (4/4) Lair:3       Spider (4/4) Lair:3        Slime (0/5) Lair:6
    Orc (2/2) D:9             Elf (2/3) Orc:2        Vaults (1/5) D:13
 Depths (0/4) D:15          Sewer (visited)          Bailey (visited)
  IceCv (visited)         Gauntlet (visited)

Altars:
Ashenzari
Dithmenos
Fedhas
Gozag
Makhleb
Nemelex Xobeh
Okawaru
Qazlal
Ru
Sif Muna
Trog
Uskayaw
Vehumet
Xom
The Shining One
Beogh
Lugonu

Shops:
D:5 :   D:6 =   D:10 *   Orc:2 [![((   Elf:2 !   Shoals:1 ?**[(

Portals:
Abyss: Lair:6

Annotations:
D:8 3 runed translucent doors, Xenoroth's ghost, novice DrTm
D:11 7 runed translucent doors, exclusion: door
Elf:2 3 runed translucent doors


Innate Abilities, Weirdness & Mutations

You are a living statue of rough stone.
Your actions are slow, but your melee attacks are powerful.
You are resistant to unholy torment.
Your maximum health is greatly increased.
You are immune to poison.
Your equipment is partially melded.
You have claws for hands.
You are surrounded by a strong repulsion field. (EV +4, RMsl)
You are mostly covered in sharp spines.
You regenerate magic rapidly.
Your hexes are more powerful.
Armour fits poorly on your strangely shaped body.
You are strong-willed. (Will+)


Message History

Welcome back to the Vaults!
The deep elf sorcerer gestures at you while chanting.
The bolt of acid misses you.
The deep elf sorcerer gestures wildly while chanting.
The deep elf sorcerer seems to speed up.
The deep elf sorcerer casts a spell at you.
The bolt of acid hits you!! The acid corrodes you!
The deep elf sorcerer gestures at you while chanting.
The sphere of damnation explodes!
The damnation engulfs you!!!
You hear a shout! x2; You hear a roar!
There is a large open door here.
Things that are here:
a +0 leather armour; a +0 dire flail You scratch the deep elf sorcerer.
The deep elf sorcerer is lightly wounded.
A yaktaur opens the door.
A yaktaur captain comes into view.
You block the deep elf sorcerer's attack.
A yaktaur comes into view.
You completely miss the deep elf sorcerer.
The deep elf sorcerer is lightly wounded.
The deep elf sorcerer gestures at you while chanting.
The bolt of acid hits you!!!
The deep elf sorcerer hits you with a +0 long sword.
A yaktaur comes into view.
The yaktaur shouts!
You scratch the deep elf sorcerer but do no damage.
The deep elf sorcerer is lightly wounded.
The deep elf sorcerer closely misses you.
The deep elf sorcerer points at you and mumbles some strange words.
You easily resist.
You claw the deep elf sorcerer!
The deep elf sorcerer is moderately wounded.
The deep elf sorcerer gestures at you while chanting.
The bolt of acid hits you!!!
* * * LOW HITPOINT WARNING * * *
A vault warden comes into view. It is wielding a +0 long sword.
The deep elf sorcerer points at you and mumbles some strange words.
The bolt of acid hits you!!!
You die...

......................
......................
......................
..............^.[.....
#######'###########'##
#..####[.# #.##
#......## ##..
##....## ##.. ##)8##
#.## #.e# #### +..'
#c.#+ .##. .c . '# #
p.


You could see a vault warden (wandering), a deep elf sorcerer (fast, empowered)
and 2 yaktaurs.

Vanquished Creatures
  Arachne (Arena)
  Jorgrun (Spider:2)
  Mlioglotl (Lair:3)
  Agnes (Spider:3)
  A tentacled starspawn (Abyss:3)
  Roxanne (Spider:3)
  A storm dragon (Shoals:4)
  Ilsuiw (Arena)
  An orc warlord (Orc:1)
  9 emperor scorpions
  A cacodemon (Abyss:3)
  A ghost moth (shapeshifter) (D:13)
  Louise (Arena)
  Aizul (Shoals:2)
  6 ghost moths
  A stone giant (D:15)
  3 ironbound preservers (Vaults:1)
  A reaper (IceCv)
  A broodmother (Spider:3)
  A minotaur (Gauntlet)
  Azrael (Spider:1)
  A deep elf demonologist (Elf:1)
  6 entropy weavers
  Snorg (Lair:4)
  A spark wasp (Spider:4)
  3 dire elephants (Vaults:1)
  An ettin (D:13)
  10 merfolk javelineers
  10 merfolk impalers
  Josephine (Arena)
  A deep elf high priest (Vaults:1)
  A great orb of eyes (D:14)
  A yaktaur captain (Vaults:1)
  3 boulder beetles
  11 hydras
  An alligator snapping turtle (Shoals:4)
  16 two-headed ogres
  A merfolk avatar (Shoals:2)
  6 centaur warriors
  A catoblepas (D:13)
  7 merfolk aquamancers
  2 radroaches
  An ogre mage (Orc:2)
  4 jorogumos
  A death knight (D:13)
  An ironbound frostheart (Vaults:1)
  4 tengu warriors
  3 satyrs
  3 death yaks (Lair:5)
  4 thrashing horrors (Lair:6)
  A death scarab (Spider:4)
  9 orc high priests
  12 dancing weapons
  6 deep elf knights
  Urug (Lair:4)
  9 pharaoh ants
  3 sixfirhies
  8 sea snakes
  5 skeletal warriors
  5 sun moths
  16 orb spiders
  7 steelbarb worms
  8 deep trolls (Vaults:1)
  Pikel (D:4)
  3 deep elf archers
  An ironbound convoker (Vaults:1)
  10 deep elf zephyrmancers
  2 orc knights
  17 harpies
  14 deep elf pyromancers
  12 fauns
  7 ugly things
  17 wolf spiders
  11 cyclopes
  2 oklob plants
  11 manticores
  Maurice (D:8)
  A guardian serpent (shapeshifter) (D:15)
  A rust devil (Abyss:3)
  3 moths of wrath
  8 water nymphs
  11 merfolk sirens
  A black mamba (Lair:1)
  29 elephants
  Joseph (D:7)
  4 vault sentinels (Vaults:1)
  4 smoke demons
  2 large abominations
  An orange demon (Abyss:3)
  3 ice statues
  10 torpor snails
  9 cane toads
  2 gargoyles (D:11)
  4 unseen horrors
  4 freezing wraiths
  4 yaktaurs (Vaults:1)
  A komodo dragon (shapeshifter) (D:13)
  3 komodo dragons
  9 demonic crawlers
  6 kobold demonologists
  3 anaconda simulacra (IceCv)
  4 rime drakes
  6 starcursed masses (Abyss:3)
  5 tengu conjurers
  6 ice devils (IceCv)
  2 ancient zymes (Lair:6)
  6 meliai
  12 trolls
  3 polar bears
  A hornet (shapeshifter) (Lair:6)
  33 merfolk
  A tarantella (shapeshifter) (D:13)
  31 blink frogs
  11 snapping turtles
  22 slime creatures
  14 tarantellas
  9 wind drakes
  2 dream sheep (Shoals:1)
  A raiju (D:13)
  A snapping turtle (shapeshifter) (D:11)
  48 jumping spiders
  A shadow (D:11)
  5 wyverns
  26 water elementals
  A vampire (D:10)
  5 air elementals
  19 culicivoras
  6 fire elementals
  2 ynoxinuls (Lair:6)
  A dire elephant simulacrum (IceCv)
  54 yaks
  5 wraiths
  6 basilisks
  2 chaos spawn (Lair:6)
  2 steam dragons
  73 redbacks
  Menkaure (D:5)
  3 death yak simulacra
  15 wargs
  10 vampire mosquitoes
  16 water moccasins
  3 hell hounds
  2 acid dragons
  2 sky beasts
  33 orc warriors
  2 black bears
  42 wolves
  6 ogres
  4 centaurs
  3 kobold brigands
  3 phantoms
  15 bullfrogs
  2 necrophages
  3 earth elementals
  12 small abominations
  8 gnoll sergeants
  2 two-headed ogre simulacra (IceCv)
  3 scorpions
  8 wights
  3 elephant simulacra
  8 killer bees (D:9)
  3 howler monkeys
  3 electric eels
  2 crimson imps (Gauntlet)
  15 hounds
  2 gnoll shamans
  38 orc priests
  3 jellies
  2 iguanas
  Natasha (D:3)
  29 orc wizards
  A troll simulacrum (IceCv)
  A polar bear simulacrum (Lair:4)
  3 spriggan simulacra (IceCv)
  A wolf simulacrum (Lair:4)
  Robin (D:4)
  32 gnolls
  17 adders
  3 naga simulacra (IceCv)
  10 river rats
  2 shadow imps
  A white imp (D:5)
  9 ufetubi
  9 worms
  2 dart slugs (D:4)
  122 orcs
  11 ball pythons
  6 bats
  8 endoplasms
  3 giant cockroaches
  19 goblins
  7 hobgoblins
  9 jackals
  14 kobolds
  5 quokkas
  4 frilled lizards
  A goblin skeleton (D:6)
  3 goblin zombies (D:6)
  A hobgoblin zombie (D:6)
  2 kobold skeletons (D:6)
  2 kobold zombies (D:6)
  An orc skeleton (D:6)
  An orc zombie (D:6)
  30 rats
1539 creatures vanquished.

Vanquished Creatures (others)
  A deep elf pyromancer (Elf:1)
  A fire elemental (Elf:2)
  A bush (Lair:2)
  47 fungi
  67 plants
  2 starspawn tentacles (Abyss:3)
119 creatures vanquished.

Grand Total: 1658 creatures vanquished

Notes
Turn   | Place    | Note
-------+----------+-------------------------------------------
     0 | D:1      | freelancePsychic the Demonspawn Transmuter began the quest
                  | for the Orb.
     0 | D:1      | Reached XP level 1. HP: 15/15 MP: 3/3
   290 | D:1      | Gained mutation: You have sharp fingernails. [demonic
                  | ancestry]
   290 | D:1      | Reached XP level 2. HP: 7/21 MP: 3/5
   291 | D:1      | Reached skill level 1 in Poison Magic
  1172 | D:2      | Gained mutation: You are partially covered in sharp spines.
                  | [demonic ancestry]
  1172 | D:2      | Reached XP level 3. HP: 26/26 MP: 4/6
  1213 | D:2      | Learned a level 3 spell: Spider Form
  1459 | D:2      | Learned a level 2 spell: Wereblood
  1695 | D:2      | Found a faded altar of an unknown god.
  1855 | D:2      | Reached skill level 2 in Fighting
  2134 | D:2      | Gained mutation: You regenerate magic rapidly. [demonic
                  | ancestry]
  2134 | D:2      | Reached XP level 4. HP: 26/33 MP: 7/7
  2827 | D:3      | Reached XP level 5. HP: 10/39 MP: 8/8
  3398 | D:4      | Noticed a phantom
  3420 | D:4      | Killed a phantom
  3421 | D:4      | Reached skill level 3 in Fighting
  3421 | D:4      | Reached skill level 1 in Shields
  3455 | D:4      | Found an iron altar of Okawaru.
  3468 | D:4      | Noticed a lemure
  3470 | D:4      | Noticed a lemure
  3473 | D:4      | Noticed Pikel
  3508 | D:4      | Gained mutation: You are surrounded by a mild repulsion
                  | field. (EV +2) [demonic ancestry]
  3508 | D:4      | Reached XP level 6. HP: 47/47 MP: 9/9
  3609 | D:4      | Became a worshipper of Warmaster Okawaru
  3660 | D:4      | Reached skill level 4 in Fighting
  3840 | D:4      | Gained mutation: You are mostly covered in sharp spines.
                  | [demonic ancestry]
  3840 | D:4      | Reached XP level 7. HP: 51/54 MP: 10/10
  3858 | D:4      | Killed Pikel
  3859 | D:4      | Reached skill level 5 in Fighting
  3859 | D:4      | Reached skill level 5 in Unarmed Combat
  3859 | D:4      | Reached XP level 8. HP: 59/62 MP: 11/11
  3927 | D:4      | Found a glowing drain.
  3934 | Sewer    | Entered a sewer
  4063 | Sewer    | Reached * piety under Okawaru
  4626 | D:4      | Noticed Robin
  4637 | D:4      | Killed Robin
  4744 | D:4      | Reached skill level 6 in Fighting
  4871 | D:4      | Noticed Natasha
  4896 | D:3      | Killed Natasha
  5228 | D:5      | Entered Level 5 of the Dungeon
  5502 | D:5      | Found Plog's Book Shoppe.
  5603 | D:5      | You fall into a shaft and drop 3 floors!
  5800 | D:8      | Found a runed translucent gate.
  5801 | D:8      | Found a runed translucent gate.
  5801 | D:8      | Noticed Xenoroth's ghost (novice DrTm)
  5802 | D:8      | Found a runed translucent gate.
  5919 | D:6      | Found a broken altar of Ashenzari.
  5924 | D:6      | Reached ** piety under Okawaru
  5931 | D:5      | Reached XP level 9. HP: 71/71 MP: 12/12
  5947 | D:5      | Noticed Menkaure
  5959 | D:5      | Killed Menkaure
  6035 | D:5      | Found a staircase to the Ecumenical Temple.
  6197 | D:5      | Found a shimmering blue altar of Sif Muna.
  6197 | D:5      | Found a hide-covered altar of Uskayaw.
  6197 | D:5      | Found a bloodstained altar of Trog.
  6197 | D:5      | Found an opulent altar of Gozag.
  6204 | D:5      | Found a radiant altar of Vehumet.
  6204 | D:5      | Found a shimmering altar of Xom.
  6256 | D:5      | Reached skill level 7 in Fighting
  6463 | D:5      | Found a sacrificial altar of Ru.
  6729 | D:6      | Reached skill level 5 in Shields
  7082 | D:6      | Found Deun's Jewellery Shop.
  7189 | D:6      | Reached skill level 1 in Evocations
  7397 | D:6      | Reached *** piety under Okawaru
  7402 | D:7      | Reached skill level 5 in Invocations
  7685 | D:7      | Noticed Joseph
  7730 | D:7      | Killed Joseph
  7731 | D:7      | Reached skill level 8 in Fighting
  7837 | D:7      | Reached XP level 10. HP: 67/80 MP: 10/14
  8065 | D:7      | Found a shadowy altar of Dithmenos.
  8467 | D:8      | Noticed a two-headed ogre
  8484 | D:8      | Killed a two-headed ogre
  8660 | D:8      | Noticed Maurice
  8735 | D:8      | Killed Maurice
  8735 | D:8      | Reached **** piety under Okawaru
  8902 | D:9      | Found a staircase to the Orcish Mines.
  8951 | D:9      | Found a flagged portal.
  8966 | Bailey   | Entered a bailey
  9422 | D:9      | Reached skill level 9 in Fighting
  9469 | D:9      | Noticed a two-headed ogre
  9474 | D:9      | Killed a two-headed ogre
  9475 | D:9      | Reached skill level 5 in Evocations
  9519 | D:9      | Reached ***** piety under Okawaru
  9631 | D:9      | Reached skill level 1 in Armour
  9717 | D:10     | Entered Level 10 of the Dungeon
  9753 | D:10     | Noticed a rust devil
  9758 | D:10     | Reached XP level 11. HP: 43/90 MP: 16/16
 10142 | D:10     | Found Ycital's General Store.
 10338 | D:10     | Reached skill level 10 in Fighting
 10640 | D:11     | Found a runed translucent door.
 11032 | D:11     | Found a staircase to the Lair.
 11169 | D:11     | Found a runed translucent door.
 11182 | D:11     | Found a runed translucent door.
 11306 | D:11     | Noticed a tengu warrior
 11320 | D:11     | Killed a tengu warrior
 11321 | D:11     | Reached skill level 10 in Unarmed Combat
 11358 | D:11     | Noticed a skeletal warrior
 11362 | D:11     | Noticed a centaur warrior
 11368 | D:11     | Found a runed translucent door.
 11546 | D:11     | Found a runed translucent door.
 11546 | D:11     | Noticed a centaur warrior
 11546 | D:11     | Noticed an eight-headed hydra
 11593 | D:11     | Killed a centaur warrior
 11653 | Lair:1   | Entered Level 1 of the Lair of Beasts
 11665 | Lair:1   | Reached skill level 11 in Fighting
 11665 | Lair:1   | Gained mutation: You are surrounded by a moderate repulsion
                  | field. (EV +3) [demonic ancestry]
 11665 | Lair:1   | Reached XP level 12. HP: 25/100 MP: 14/17
 11893 | Lair:1   | Received a gift from Okawaru
 11894 | Lair:1   | Reached skill level 5 in Armour
 11956 | Lair:1   | Noticed a five-headed hydra
 11965 | Lair:1   | Killed a five-headed hydra
 12170 | Lair:1   | Noticed a five-headed hydra
 12180 | Lair:1   | Killed a five-headed hydra
 12350 | Lair:1   | Noticed a five-headed hydra
 12358 | Lair:1   | Killed a five-headed hydra
 13086 | Lair:2   | Identified the -6 hat "Rakor" {Str+6 Int-2} (Okawaru gifted
                  | it to you on level 2 of the Lair of Beasts)
 13086 | Lair:2   | Received a gift from Okawaru
 13087 | Lair:2   | Reached skill level 12 in Fighting
 13536 | Lair:3   | Noticed a seven-headed hydra
 13550 | Lair:3   | Killed a seven-headed hydra
 13551 | Lair:3   | Reached XP level 13. HP: 48/108 MP: 12/18
 13746 | Lair:3   | Found a hole to the Spider Nest.
 13995 | Lair:3   | Found a staircase to the Shoals.
 14610 | Lair:4   | Found a frozen archway.
 14662 | IceCv    | Entered an ice cave
 15038 | IceCv    | Identified the +0 hat of the Stopping Gods {rElec Str+3}
 15192 | IceCv    | Reached skill level 13 in Fighting
 15300 | IceCv    | Noticed a reaper
 15310 | IceCv    | Killed a reaper
 15570 | Lair:4   | Noticed Josephine
 15571 | Arena    | Entered the Arena
 15581 | Arena    | Killed Josephine
 15582 | Arena    | Reached skill level 5 in Dodging
 15856 | Lair:4   | Received a gift from Okawaru
 16029 | Lair:4   | Noticed Snorg
 16047 | Lair:4   | Killed Snorg
 16106 | Lair:4   | Noticed Urug
 16123 | Lair:4   | Killed Urug
 16689 | Lair:5   | Gained mutation: You have very sharp fingernails. [demonic
                  | ancestry]
 16689 | Lair:5   | Reached XP level 14. HP: 119/119 MP: 12/19
 17300 | Lair:6   | Entered Level 6 of the Lair of Beasts
 17413 | Lair:6   | Reached skill level 14 in Fighting
 17549 | Lair:6   | Found a staircase to the Slime Pits.
 17839 | Lair:6   | Identified the +4 scale mail "Punk" {*Corrode rElec Str+7}
                  | (Okawaru gifted it to you on level 6 of the Lair of Beasts)
 17839 | Lair:6   | Received a gift from Okawaru
 18001 | Lair:6   | Got the Reference Book on the Snowflakes and Battle Magic
 18528 | Lair:6   | Reached skill level 15 in Fighting
 18630 | Lair:6   | Found a corrupted altar of Lugonu.
 18630 | Lair:6   | Found a one-way gate to the infinite horrors of the Abyss.
 19245 | D:11     | Found the +8 demon blade "Leech" {vamp, Harm Drain rN+}
 19254 | D:11     | Identified the +2 leather armour of Noon {rPois Regen+
                  | Dex+3}
 19277 | D:11     | Noticed an orc warlord
 19278 | D:11     | Found a runed translucent door.
 19278 | D:11     | Found a runed translucent door.
 19411 | D:11     | Found the +10 Black Knight's barding {ponderous, rPois rN+}
 19461 | D:12     | Gained mutation: You have claws for hands. [demonic
                  | ancestry]
 19461 | D:12     | Reached XP level 15. HP: 111/129 MP: 20/20
 19538 | D:12     | Identified the +2 hat "Dutyd" {Int+7} (Okawaru gifted it to
                  | you on level 12 of the Dungeon)
 19538 | D:12     | Received a gift from Okawaru
 20197 | D:13     | Found a gate leading to a gauntlet.
 20208 | Gauntlet | Entered a Gauntlet
 20208 | Gauntlet | Found a transporter.
 20208 | Gauntlet | Found a transporter.
 20208 | Gauntlet | Found a transporter.
 20208 | Gauntlet | Found a transporter.
 20255 | Gauntlet | Found a transporter.
 20265 | Gauntlet | Found a transporter.
 20280 | Gauntlet | Found a transporter.
 20290 | Gauntlet | Found a transporter.
 20305 | Gauntlet | Found a transporter.
 20311 | Gauntlet | Found a transporter.
 20325 | Gauntlet | Found a transporter.
 20342 | Gauntlet | Found a transporter.
 20433 | Gauntlet | Identified the amulet "Zofruof" {Reflect SH+5 Stlth+}
 20508 | Gauntlet | Identified a scroll of acquirement
 20509 | Gauntlet | Acquired the +0 pair of boots of Uckolly {Str+4 SInv}
 20562 | Gauntlet | Reached skill level 5 in Transmutations
 20645 | Gauntlet | Identified the +5 war axe of Reason {vorpal, *Noise +Blink
                  | Int+3}
 20667 | Gauntlet | Identified the +4 ring mail "Joadot" {Str-2 Int+6}
 21124 | D:13     | Found a gate to the Vaults.
 21210 | D:13     | Got the Grimoire of Fiery Creation
 22003 | D:13     | Reached skill level 16 in Fighting
 22090 | D:13     | Received a gift from Okawaru
 22705 | D:14     | Reached skill level 15 in Unarmed Combat
 22905 | D:14     | Found a sparkling altar of Nemelex Xobeh.
 22949 | D:14     | Identified the +5 quarterstaff "Lahok" {freeze, Fly Will+
                  | Dex-3}
 23755 | D:14     | Acquired the +2 pair of boots of Ennui {*Slow rElec rPois
                  | rN+}
 23823 | D:15     | Entered Level 15 of the Dungeon
 23854 | D:15     | Identified the +1 shadow dragon scales "Heiqex" {rElec rN+
                  | Str+4 Stlth++++} (Okawaru gifted it to you on level 15 of
                  | the Dungeon)
 23854 | D:15     | Received a gift from Okawaru
 23868 | D:15     | Gained mutation: You are surrounded by a strong repulsion
                  | field. (EV +4, RMsl) [demonic ancestry]
 23868 | D:15     | Reached XP level 16. HP: 139/139 MP: 14/21
 24015 | D:15     | Found a blossoming altar of Fedhas.
 24150 | D:15     | Found a burning altar of Makhleb.
 24585 | D:15     | Found a staircase to the Depths.
 24839 | Orc:1    | Entered Level 1 of the Orcish Mines
 25215 | Orc:2    | Entered Level 2 of the Orcish Mines
 25449 | Orc:2    | Reached skill level 1 in Translocations
 25850 | Orc:2    | Found Qanaif Kaden's Antique Armour Boutique.
 25850 | Orc:2    | Found Poxzo's Weapon Emporium.
 25888 | Orc:2    | Found a staircase to the Elven Halls.
 25892 | Orc:2    | Found Feymad's Firing Range.
 26175 | Orc:2    | Found Icluuse's Distillery.
 26197 | Orc:2    | Reached skill level 17 in Fighting
 26220 | Orc:2    | Bought a potion of haste for 110 gold pieces
 26220 | Orc:2    | Bought a potion of curing for 33 gold pieces
 26225 | Orc:2    | Found Xiacen's Armour Boutique.
 26376 | Orc:2    | Bought the +7 gold dragon scales of the Farrier {rPois rF+
                  | rC+ rN+} for 1883 gold pieces
 26849 | Spider:1 | Entered Level 1 of the Spider Nest
 27025 | Spider:1 | Reached ****** piety under Okawaru
 27105 | Spider:1 | Received a gift from Okawaru
 27244 | Spider:1 | Noticed Azrael
 27257 | Spider:1 | Killed Azrael
 27687 | Spider:2 | Reached skill level 10 in Armour
 27712 | Spider:2 | Noticed Jorgrun
 27715 | Spider:2 | Killed Jorgrun
 27842 | Spider:2 | Identified the +6 hand crossbow of Winter {venom, rC+
                  | Str+2} (Okawaru gifted it to you on level 2 of the Spider
                  | Nest)
 27842 | Spider:2 | Received a gift from Okawaru
 27898 | Spider:2 | Identified the +11 quarterstaff "Paitat" {vorpal, rPois
                  | rF+++ rCorr Dex-5}
 27962 | Spider:2 | Reached XP level 17. HP: 58/147 MP: 20/22
 28606 | Spider:3 | Identified Roxanne's Compendium of Shape Shifting
 28606 | Spider:3 | Noticed Roxanne
 28617 | Spider:3 | Killed Roxanne
 28626 | Spider:3 | Reached skill level 1 in Earth Magic
 28843 | Spider:3 | Noticed Agnes
 28844 | Spider:3 | Noticed Arachne
 28846 | Arena    | Entered the Arena
 28855 | Arena    | Killed Arachne
 29109 | Spider:3 | Killed Agnes
 29946 | Spider:3 | Received a gift from Okawaru
 30159 | Spider:4 | Entered Level 4 of the Spider Nest
 30167 | Spider:4 | Received a gift from Okawaru
 30366 | Spider:3 | Reached skill level 5 in Earth Magic
 30472 | Spider:3 | Learned a level 6 spell: Statue Form
 30508 | Spider:4 | Noticed Louise
 30554 | Arena    | Entered the Arena
 30578 | Arena    | Killed Louise
 31028 | Spider:4 | Identified the +4 hat "Cuasin" {rF+} (Okawaru gifted it to
                  | you on level 4 of the Spider Nest)
 31028 | Spider:4 | Received a gift from Okawaru
 31218 | Spider:4 | Got a gossamer rune of Zot
 31304 | Spider:4 | Gained mutation: Your hexes are more powerful. [demonic
                  | ancestry]
 31304 | Spider:4 | Reached XP level 18. HP: 138/155 MP: 2/24
 31502 | Spider:4 | Reached skill level 5 in Spellcasting
 31639 | Spider:4 | Reached skill level 10 in Transmutations
 32150 | Shoals:1 | Entered Level 1 of the Shoals
 32156 | Shoals:1 | Noticed Mlioglotl
 32321 | Elf:1    | Entered Level 1 of the Elven Halls
 32526 | Elf:1    | Noticed a Brimstone Fiend
 33880 | Elf:2    | Found a stormy altar of Qazlal.
 33881 | Elf:2    | Paralysed by an air elemental for 1 turns
 33890 | Elf:2    | Paralysed by an air elemental for 1 turns
 33974 | Elf:2    | Paralysed by an air elemental for 1 turns
 34014 | Elf:2    | Received a gift from Okawaru
 34058 | Elf:2    | Found Giodgh's Distillery.
 34155 | Elf:2    | Bought a potion of cancellation for 120 gold pieces
 34155 | Elf:2    | Bought a potion of heal wounds for 75 gold pieces
 34267 | Elf:2    | Found a runed translucent gate.
 34267 | Elf:2    | Found a runed translucent gate.
 34268 | Elf:2    | Found a runed translucent gate.
 34693 | Lair:3   | Killed Mlioglotl
 34922 | Shoals:1 | Found Wizaugoc's Magic Scroll Shop.
 34935 | Shoals:1 | Bought a scroll of teleportation for 33 gold pieces
 34935 | Shoals:1 | Bought a scroll of teleportation for 33 gold pieces
 35070 | Shoals:1 | Found Mytesor's Visitors' Centre.
 35085 | Shoals:1 | Found Mytesor's Merfolk Weapons.
 35102 | Shoals:1 | Found Mytesor's Merfolk Magic.
 35103 | Shoals:1 | Found Mytesor's Merfolk Armours.
 35115 | Shoals:1 | Bought a lightning rod (4/4) for 540 gold pieces
 35225 | Shoals:1 | Gained mutation: You are occasionally teleported next to
                  | monsters. [mutagenic glow]
 35228 | Shoals:1 | Lost mutation: You are occasionally teleported next to
                  | monsters. [potion of mutation]
 35228 | Shoals:1 | Gained mutation: Armour fits poorly on your strangely
                  | shaped body. [potion of mutation]
 35228 | Shoals:1 | Gained mutation: You are strong-willed. (Will+) [potion of
                  | mutation]
 35623 | Shoals:2 | Noticed Ilsuiw
 35627 | Arena    | Entered the Arena
 35633 | Arena    | Killed Ilsuiw
 35684 | Shoals:2 | Identified the +6 demon blade of Guahij {drain, Str+3}
                  | (Okawaru gifted it to you on level 2 of the Shoals)
 35684 | Shoals:2 | Received a gift from Okawaru
 35751 | Shoals:2 | Noticed Aizul
 35757 | Shoals:2 | Killed Aizul
 36418 | Shoals:3 | Reached skill level 10 in Shields
 36418 | Shoals:3 | Reached XP level 19. HP: 161/161 MP: 29/31
 36667 | Shoals:4 | Entered Level 4 of the Shoals
 36667 | Shoals:4 | Found a burning altar of Makhleb.
 36878 | Shoals:4 | Reached skill level 10 in Earth Magic
 37179 | Shoals:4 | Received a gift from Okawaru
 37225 | Shoals:4 | Paralysed by an air elemental for 1 turns
 37227 | Shoals:4 | Paralysed by an air elemental for 1 turns
 37230 | Shoals:4 | Paralysed by an air elemental for 1 turns
 37254 | Shoals:4 | Identified the +6 plate armour "Qieh" {rC+ Slay+5}
 37785 | Shoals:4 | Got a barnacled rune of Zot
 38224 | Vaults:1 | Entered Level 1 of the Vaults
 38474 | Vaults:1 | Cast into level 3 of the Abyss (a deep elf sorcerer)
 38726 | Vaults:1 | Escaped the Abyss
 38731 | Vaults:1 | Killed from afar by a deep elf sorcerer

Illustrated notes

Levels and vault maps discovered:
D:1:      dpeg_arrival_pond, layout_rooms
D:2:      layout_loops_ring, dilly_ecumenical_altar_fadedgnrine
D:3:      layout_basic, grunt_decor_junction, kennysheep_generic_room_4
D:4:      layout_basic, okawaru_ov_weapons_minmay, lightli_sewer_entry_pipes,
          uniq_pikel, uniq_natasha, uniq_robin
D:5:      layout_basic, minmay_overflow_temple_hex,
          mainiacjoe_overflow_alcove_4, minmay_temple_entry_overgrown,
          serial_shops, nicolae_take_the_stairs, minmay_fountain_box, hex_large,
          cheibrodos_gnoll_hut, uniq_menkaure
D:6:      layout_cave_pools, nicolae_tso_besieged_by_evil,
          mainiacjoe_overflow_cross_hatched, minmay_shop_enchanted_jewellery,
          dreamdust_gnoll_farm
D:7:      layout_basic, kennysheep_mini_moat, amcnicky_mini_pool_small,
          columned_hall_lemuel, uniq_joseph
D:8:      layout_loops_corners, gammafunk_ghost_nasty_kobolds, uniq_maurice
D:9:      layout_big_octagon, orc_0_dummy, lightli_bailey_entry_fortress
D:10:     layout_stronghold, serial_shops, shop
D:11:     minmay_the_grid_triangle_9x9_recursive_3_mashed
          [minmay_the_grid_triangle_9x9_descending_squares,
          minmay_the_grid_triangle_9x9_zippers_horizontal,
          minmay_the_grid_triangle_9x9_empty,
          minmay_the_grid_triangle_9x9_prize_top_heavy,
          minmay_the_grid_triangle_9x9_corruption,
          minmay_the_grid_triangle_9x9_minimal,
          minmay_the_grid_triangle_9x9_checkered,
          minmay_the_grid_triangle_9x9_fully_insulated_deathbox,
          minmay_the_grid_triangle_9x9_skeleton], layout_irregular_city,
          erik_lair_island, eino_small_chamber_without_monster,
          minmay_statue_crystal_thing
D:12:     layout_loops_ring, minmay_curled_crystal
D:13:     lemuel_castle_with_subvaults [lemuel_castle_interior_original],
          layout_stronghold, david_vaults_2, gauntlet_entry_generic
D:14:     layout_roguey, serial_co_window_serial, co_window_of_opportunity_a,
          co_window_corner_a, co_window_corner_a, co_window_of_opportunity_a,
          co_window_of_opportunity_a, co_window_paths_a, co_window_paths_b,
          co_window_unsneaky_path_e, co_window_corner_b, co_window_paths_c,
          co_window_unsneaky_path_a, co_window_broadway_b,
          nemelex_lonely_heart_becter
D:15:     grunt_enter_depths_snipers, layout_irregular_city, fedhas_altar_1,
          makhleb_altar_promises_db
Lair:1:   layout_regular_city
Lair:2:   layout_roguey, infiniplex_staircase_pool_2, lemuel_fruit_tree
Lair:3:   layout_regular_city, elwin_shoals_entry_stream,
          spider_nest_entry_funnel_web, infiniplex_staircase_pool
Lair:4:   layout_cave_shapes, portal_ice_cave_entry_ice_simulacra,
          uniq_josephine, uniq_urug, uniq_snorg
Lair:5:   layout_regular_city
Lair:6:   hellmonk_lair_end_abyssal_woods, layout_misc_corridors,
          minmay_slime_entry_pillars, grunt_forest_large_clearings
Shoals:1: nicolae_shoals_mermall, layout_shoals, serial_shops,
          nicolae_shop_trees, nicolae_shoals_water_elemental_grotto,
          uniq_mlioglotl
Shoals:2: layout_shoals, uniq_aizul, uniq_ilsuiw
Shoals:3: layout_shoals
Shoals:4: shoals_end_hellmonk_storm_palace [storm_palace_center_ruins,
          storm_palace_corner_altar, storm_palace_corner_grid,
          storm_palace_corner_reverse_hut, storm_palace_corner_grid]
Spider:1: layout_spider_delve, uniq_azrael
Spider:2: layout_spider_delve, nicolae_spider_baby_got_redback, uniq_jorgrun
Spider:3: layout_chambers, nicolae_spider_cling_halls, uniq_roxanne, uniq_agnes,
          uniq_arachne
Spider:4: johnstein_spider_rune_arachne_lair, nicolae_spider_shape, uniq_louise
Orc:1:    layout_diamond_mine
Orc:2:    st_orc_town, layout_caves, nicolae_shop_firing_range
Elf:1:    eino_elf_arrival_shootout, layout_loops_corners,
          minmay_elf_demonology, st_stairs_2
Elf:2:    elven_hall_of_blades_hangedman_original
          [infiniplex_blade_entry_pillars], layout_geoelf_octagon, serial_shops,
          nicolae_shop_crystal, nicolae_elf_altarnating
Vaults:1: nicolae_vaults_alarming, nicolae_vaults_network_barrier,
          ontoclasm_vaults_pinch, nicolae_vaults_halls_meeting, v_pattern_2,
          v_misc_26, hangedman_vaults_stretched_pinwheel,
          nicolae_vaults_specimen_jars, grunt_vaults_twisty,
          ontoclasm_vaults_chip, vaults_dpeg_ring, ontoclasm_vaults_twist,
          ontoclasm_vaults_idyll, layout_vaults_ring

Skill      XL: |  1  2  3  4  5  6  7  8  9 10 11 12 13 14 15 16 17 18 19 |
---------------+----------------------------------------------------------+-----
Transmutations | 2 3 4 6 9 11 | 11.7
Poison Magic   | 1 |  1.5
Dodging        | 2 6 |  6.2
Fighting       | 2 3 4 5 6 8 9 11 12 13 15 16 17 | 17.4
Unarmed Combat | 3 4 5 6 7 9 10 11 12 14 15 16 | 16.1
Shields        | 1 2 4 5 6 8 9 10 11 | 11.1
Invocations    | 4 6 7 |  7.0
Evocations     | 2 5 6 8 |  8.0
Armour         | 1 4 7 9 10 | 10.5
Translocations | 2 |  2.5
Earth Magic    | 7 9 10 | 10.9
Spellcasting   | 4 8 9 |  9.5

Action                   |  1- 3 |  4- 6 |  7- 9 | 10-12 | 13-15 | 16-18 | 19-21 || total
-------------------------+-------+-------+-------+-------+-------+-------+-------++-------
Melee: Unarmed           |    96 |   143 |   334 |   687 |  1292 |  1578 |   353 ||  4483
       Kick              |    11 |     4 |     8 |     5 |       |       |       ||    28
       Headbutt          |     9 |     1 |     3 |     2 |       |       |       ||    15
       Punch             |     2 |       |       |       |       |       |       ||     2
 Cast: Beastly Appendage |    13 |     2 |     3 |     1 |       |       |       ||    19
       Wereblood         |     1 |     3 |    16 |    11 |    10 |     3 |     1 ||    45
       Spider Form       |     1 |       |       |       |     1 |       |       ||     2
       Statue Form       |       |       |       |       |       |    19 |    23 ||    42
Invok: Heroism           |       |       |     3 |    22 |    27 |    14 |     3 ||    69
       Finesse           |       |       |       |     4 |    10 |     7 |     2 ||    23
       Duel              |       |       |       |       |     1 |     3 |       ||     4
 Abil: End Transformatio |       |       |       |       |     1 |     2 |       ||     3
Evoke: Wand              |       |       |     2 |    26 |    45 |    30 |     4 ||   107
       Tin of tremorston |       |       |       |       |     2 |    11 |     1 ||    14
       Phial of floods   |       |       |       |       |       |     2 |       ||     2
  Use: Scroll            |     2 |     5 |     7 |    13 |    18 |    15 |     1 ||    61
       Potion            |       |     2 |       |     1 |     3 |     7 |     1 ||    14
 Stab: Sleeping          |     2 |       |       |     1 |       |     1 |       ||     4
       Distracted        |       |       |       |       |     1 |       |       ||     1
       Petrified         |       |       |       |       |     1 |       |       ||     1
       Paralysed         |       |       |       |       |       |     2 |       ||     2
Armor: Robe              |    21 |       |       |       |       |     3 |     3 ||    27
       Ring mail         |       |    25 |    82 |   179 |   125 |     2 |       ||   413
       Skin              |       |    15 |       |       |       |   123 |   209 ||   347
       Scale mail        |       |       |       |       |   274 |       |       ||   274
       Gold dragon scale |       |       |       |       |       |   671 |       ||   671
       Shadow dragon sca |       |       |       |       |       |   106 |       ||   106
Dodge: Dodged            |    68 |    51 |   156 |   328 |   677 |   665 |   321 ||  2266
       Repelled          |       |       |       |       |       |    19 |     9 ||    28
Block: Buckler           |       |    20 |    75 |   216 |   374 |       |       ||   685
       Kite shield       |       |       |       |       |   128 |  1469 |   419 ||  2016

Table legend: (Time is in decaauts)
 A = Elapsed time spent in this place.
 B = Non-inter-level travel time spent in this place.
 C = Inter-level travel time spent in this place.
 D = Time resting spent in this place.
 E = Time spent auto-exploring this place.
 F = Levels seen in this place.
 G = Mean time per level.
                   A        B        C        D        E       F      G
               +--------+--------+--------+--------+--------+-----+--------+
         Total |  39162 |  36534 |   2628 |   1330 |  25532 |  43 |  910.7 |
       Dungeon |  16877 |  15512 |   1365 |    461 |  11560 |  15 | 1125.1 |
          Lair |   6506 |   5955 |    551 |    261 |   4238 |   6 | 1084.3 |
        Shoals |   4240 |   4091 |    149 |     94 |   2687 |   4 | 1060.0 |
   Spider Nest |   5105 |   4851 |    254 |     60 |   3429 |   4 | 1276.2 |
  Orcish Mines |   1764 |   1557 |    207 |     61 |    956 |   2 |  882.0 |
   Elven Halls |   1924 |   1825 |     99 |    153 |   1254 |   2 |  962.0 |
        Vaults |    320 |    320 |      0 |     54 |    119 |   1 |  320.0 |
         Abyss |    295 |    295 |      0 |      0 |    192 |   1 |  295.0 |
         Sewer |    580 |    580 |      0 |      0 |    424 |   1 |  580.0 |
        Bailey |    154 |    154 |      0 |      0 |     83 |   1 |  154.0 |
      Ice Cave |    842 |    842 |      0 |    183 |    348 |   1 |  842.0 |
      Gauntlet |    478 |    478 |      0 |      3 |    239 |   1 |  478.0 |
         Arena |     71 |     71 |      0 |      0 |      0 |   4 |   17.8 |
               +--------+--------+--------+--------+--------+-----+--------+

Top non-repeatable levels by time:
    D:13: 2053 daAuts
Spider:3: 1906 daAuts
    D:11: 1683 daAuts
Shoals:4: 1572 daAuts
Spider:4: 1476 daAuts
  Lair:6: 1388 daAuts
   Elf:1: 1367 daAuts
     D:4: 1320 daAuts
    D:14: 1262 daAuts
  Lair:3: 1227 daAuts
     D:5: 1178 daAuts
     D:1: 1173 daAuts
     D:2: 1163 daAuts
   Orc:2: 1159 daAuts
  Lair:1: 1102 daAuts
